 Dungeon Crawl Stone Soup version 0.23.1 (webtiles) character file.

Game seed: 16117764889634255673

205 Kairos the Sneak (level 5, -3/28 HPs)
             Began as a Vine Stalker Assassin on Mar 17, 2019.
             Slain by a slave (6 damage)
             ... led by Pikel
             ... on level 4 of the Dungeon.
             The game lasted 00:03:22 (2374 turns).

Kairos the Sneak (Vine Stalker Assassin)            Turns: 2374, Time: 00:03:23

Health: -3/28      AC:  7    Str: 13    XL:     5   Next: 83%
Magic:  0/6        EV: 10    Int: 11    God:
Gold:   171        SH:  0    Dex: 17    Spells: 4/4 levels left

rFire    . . .     SeeInvis .   a - +2 dagger
rCold    . . .     Gourm    .   (no shield)
rNeg     . . .     Faith    .   i - +1 ring mail
rPois    .         Spirit   +   (no helmet)
rElec    .         Reflect  .   d - +0 cloak
rCorr    .         Harm     .   (no gloves)
MR       .....                  (no boots)
Stlth    +++.......             (no amulet)
HPRegen  0.49/turn              (no ring)
MPRegen  0.10/turn              (no ring)

@: no status effects
A: fangs 2, regeneration 1, robust 1, magic shield, antimagic bite, no potion
heal 3, rot immunity, MP-powered wands
a: no special abilities


You were on level 4 of the Dungeon.
You were not hungry.

You visited 1 branch of the dungeon, and saw 4 of its levels.

You collected 171 gold pieces.

Inventory:

Hand Weapons
 a - a +2 dagger (weapon)
 b - a +0 blowgun
Missiles
 e - 24 poisoned needles
 f - 2 curare-tipped needles
Armour
 d - a +0 cloak (worn)
 i - a +1 ring mail (worn)
Wands
 q - a wand of flame (19)
Scrolls
 k - a scroll of amnesia
 l - a scroll of magic mapping {unknown}
 o - a scroll of teleportation
Potions
 h - a potion of cancellation
 j - a potion of mutation
 m - a potion of haste {unknown}
 n - a potion of curing {unknown}
Comestibles
 g - 4 rations


   Skills:
 + Level 2.2 Fighting
 + Level 3.4 Short Blades
 + Level 1.8 Throwing
 + Level 1.0 Armour
 + Level 1.1 Dodging
 + Level 6.7 Stealth


You had 4 spell levels left.
You didn't know any spells.
Your spell library was empty.

Dungeon Overview and Level Annotations

Branches:
Dungeon (4/15)
 Temple: D:4-7

Altars:

Annotations:
D:4 Pikel


Innate Abilities, Weirdness & Mutations

You have extremely sharp teeth.
Your natural rate of healing is unusually fast.
When hurt, damage is shared between your health and your magic reserves.
Your bite disrupts and absorbs the magic of your enemies.
Potions cannot restore your health.
You are immune to rotting.
You are robust. (+10% HP)
You expend magic power (3 MP) to strengthen your wands.


Message History

You hit the slave but do no damage. You bite the slave. You drain its power.
You feel invigorated.
The slave is lightly wounded.
The slave hits you but does no damage. Pikel barely misses you.
The slave hits you.
You closely miss the slave. You bite the slave, but do no damage.
The slave is lightly wounded.
The slave barely misses you. Pikel barely misses you.
The slave barely misses you.
You hit the slave.
The slave is moderately wounded.
The slave hits you but does no damage. Pikel hits you but does no damage.
You hit the slave but do no damage.
The slave is moderately wounded.
The slave barely misses you. x2
Pikel hits you with a +2 whip of electrocution.
You are electrocuted!
* * * LOW HITPOINT WARNING * * *
The slave hits you!
You die...

.....### #### ........
#...## ........ .....#
.....### #...###
.##### #....#### ##
####........ #
######........# ..#
##.=[.........###.....
#..#######...@.Kp.....
##..# #.......pp.####<
##..## #.........###
##...# #......>..#
....## #..........#
..### #(..<...#....
.## #.############ .#
#. .#


You could see Pikel and 3 slaves.

Vanquished Creatures
  A slave (D:4)
  A howler monkey (D:3)
  2 worker ants (D:4)
  3 adders
  An ooze (D:2)
  An adder skeleton (D:3)
  2 worms
  6 dart slugs
  A leopard gecko (D:3)
  3 orcs (D:3)
  2 giant cockroaches
  9 hobgoblins
  2 jackals (D:1)
  5 kobolds
  A quokka (D:2)
  A ball python (D:2)
  11 bats
  3 frilled lizards
  5 goblins
  7 rats
67 creatures vanquished.

Notes
Turn   | Place    | Note
-------+----------+-------------------------------------------
     0 | D:1      | Kairos the Vine Stalker Assassin began the quest for the
                  | Orb.
     0 | D:1      | Reached XP level 1. HP: 11/11 MP: 2/2
    10 | D:1      | Reached skill level 5 in Stealth
    55 | D:1      | Reached XP level 2. HP: 15/15 MP: 3/3
   364 | D:1      | Reached XP level 3. HP: 15/18 MP: 4/4
   668 | D:2      | Reached skill level 6 in Stealth
   995 | D:2      | Reached skill level 1 in Dodging
   995 | D:2      | Gained mutation: Your natural rate of healing is unusually
                  | fast. [Vine Stalker growth]
   995 | D:2      | Reached XP level 4. HP: 14/23 MP: 5/5
  2091 | D:3      | Reached XP level 5. HP: 24/26 MP: 4/6
  2170 | D:3      | Gained mutation: You have sharp fingernails. [potion of
                  | mutation]
  2170 | D:3      | Gained mutation: You are partially covered in slimy green
                  | scales. (AC +2) [potion of mutation]
  2171 | D:3      | Lost mutation: You have sharp fingernails. [potion of
                  | mutation]
  2171 | D:3      | Lost mutation: You are partially covered in slimy green
                  | scales. (AC +2) [potion of mutation]
  2171 | D:3      | Gained mutation: You are robust. (+10% HP) [potion of
                  | mutation]
  2171 | D:3      | Gained mutation: You expend magic power (3 MP) to
                  | strengthen your wands. [potion of mutation]
  2275 | D:4      | Reached skill level 1 in Armour
  2289 | D:4      | Noticed a slave
  2292 | D:4      | Noticed Pikel
  2326 | D:4      | Killed a slave
  2360 | D:4      | Noticed a slave
  2360 | D:4      | Noticed a slave
  2360 | D:4      | Noticed a slave
  2374 | D:4      | Slain by a slave

Skill      XL: |  1  2  3  4  5 |
---------------+----------------+-----
Stealth        | 5 6 |  6.7
Short Blades   | 2 3 |  3.4
Fighting       | 2 |  2.2
Dodging        | 1 |  1.1
Armour         | 1 |  1.0
Throwing       | |  1.8

Action                   |  1- 3 |  4- 6 || total
-------------------------+-------+-------++-------
Melee: Dagger            |   105 |   135 ||   240
       Bite              |    18 |    41 ||    59
  Use: Scroll            |     3 |     5 ||     8
       Potion            |       |     2 ||     2
 Stab: Sleeping          |    14 |     7 ||    21
  Eat: Chunk             |       |     5 ||     5
Armor: Robe              |    13 |       ||    13
       Ring mail         |    17 |    40 ||    57
Dodge: Dodged            |    50 |    54 ||   104
